 Dungeon Crawl Stone Soup version 0.27-a0-263-gc8dee61f84 (webtiles) character file.

Game seed: 18403160139183748885

1502 scarywalker64 the Shield-Bearer (level 8, -4/69 HPs)
             Began as a Demigod Fighter on Feb 4, 2021.
             Slain by a bullfrog (7 damage)
             ... in the Ecumenical Temple.
             The game lasted 00:11:07 (6718 turns).

scarywalker64 the Shield-Bearer (Demigod Fighter)   Turns: 6718, Time: 00:11:07

Health: -4/69      AC:  6    Str: 21    XL:     8   Next: 27%
Magic:  15/15      EV: 10    Int: 14    God:
Gold:   913        SH: 11    Dex: 15    Spells: 13/13 levels left

rFire    + . .     SeeInvis .   a - +1 war axe
rCold    . . .     Faith    .   c - +1 kite shield
rNeg     . . .     Spirit   .   r - +3 leather armour {rF+}
rPois    +         Reflect  .   (no helmet)
rElec    .         Harm     .   (no cloak)
rCorr    .         Rampage  .   (no gloves)
Will     .....                  (no boots)
Stlth    +.........             (no amulet)
HPRegen  0.21/turn              f - ring of poison resistance
MPRegen  0.14/turn              q - ring of wizardry

@: no status effects
A: high mp 1
a: no special abilities


You were in the Ecumenical Temple.
You visited 2 branches of the dungeon, and saw 7 of its levels.

You collected 913 gold pieces.

Inventory:

Hand Weapons
 a - a +1 war axe (weapon)
 t - a +0 hunting sling
Missiles
 b - 275 stones (quivered)
 e - 85 bolts
 m - 96 arrows
 o - 47 sling bullets
Armour
 c - a +1 kite shield (worn)
 j - a +0 chain mail
 r - a +3 leather armour of fire resistance (worn)
 u - a +0 scale mail of poison resistance
Jewellery
 f - a ring of poison resistance (left hand)
 q - a ring of wizardry (right hand)
Wands
 h - a wand of iceblast (5)
 k - a wand of digging (4)
 y - a wand of flame (11)
Scrolls
 i - a scroll of amnesia
 l - 6 scrolls of teleportation
 n - a scroll of immolation
 w - a scroll of enchant weapon
Potions
 d - a potion of might
 g - 6 potions of heal wounds
 p - a potion of magic
 s - 3 potions of haste
 v - a potion of flight {unknown}
 x - a potion of degeneration {unknown}
 z - 2 potions of lignification {unknown}
 A - a potion of cancellation {unknown}


   Skills:
 * Level 5.5 Fighting
 - Level 4.0 Axes
 + Level 4.3 Armour
 + Level 2.1 Dodging
 * Level 5.8 Shields
 * Level 3.0 Spellcasting


You had 13 spell levels left.
You didn't know any spells.
Your spell library was empty.

Dungeon Overview and Level Annotations

Branches:
Dungeon (6/15)             Temple (1/1) D:6

Shops:
D:4 (

Portals:
Abyss: D:3

Annotations:
D:3 2 transporters, foci's ghost, amateur GrFi


Innate Abilities, Weirdness & Mutations

You have an increased reservoir of magic. (+10% MP)


Message History

You block the bullfrog's attack. The bullfrog closely misses you.
The bullfrog hits you.
* * * LOW HITPOINT WARNING * * *
The bullfrog hits you.
* * * LOW HITPOINT WARNING * * *
You block the bullfrog's attack. The bullfrog hits you.
* * * LOW HITPOINT WARNING * * *
There is a staircase to the Ecumenical Temple here.
You are no longer corroded.
The bullfrog barely misses you.
You climb downwards.
Welcome back to the Ecumenical Temple!
There is a staircase back to the Dungeon here.
As you read the scroll labelled FOTUFE NAPPIS, it crumbles to dust.
It is a scroll of enchant armour.
Your +0 kite shield glows green for a moment.
The bullfrog misses you. The bullfrog closely misses you.
The bullfrog hits you!
You die...

.................................
....._....................._.....
.................................
..............⌠...⌠..............
..._........................._...
.................................
............⌠...<...⌠............
................F................
..._............@............_...
..............⌠...⌠..............
.................................
....._....................._.....
.................................
........_..............._........
##.........._..._..._..........##
###.........................###
####...................####


You could see a bullfrog.

Vanquished Creatures
  Sigmund (D:3)
  Menkaure (D:5)
  An ice beast (D:6)
  A big kobold (D:5)
  2 bullfrogs
  2 scorpions
  A howler monkey (D:6)
  A centaur zombie (D:5)
  A hound (D:6)
  A jelly (D:5)
  2 orc priests
  A bullfrog skeleton (D:4)
  2 iguanas
  Ijyb (D:5)
  6 orc wizards
  3 worker ants
  A killer bee zombie (D:6)
  10 gnolls
  6 adders
  An ufetubus (D:5)
  2 oozes
  A dart slug (D:2)
  2 leopard geckos
  28 orcs
  A ball python (D:1)
  6 giant cockroaches
  13 goblins
  5 hobgoblins
  10 jackals
  8 kobolds
  2 quokkas
  15 bats
  8 frilled lizards
  6 rats
152 creatures vanquished.

Notes
Turn   | Place    | Note
-------+----------+-------------------------------------------
     0 | D:1      | scarywalker64 the Demigod Fighter began the quest for the
                  | Orb.
     0 | D:1      | Reached XP level 1. HP: 18/18 MP: 3/3
   138 | D:1      | Reached XP level 2. HP: 25/25 MP: 4/4
  1046 | D:2      | Reached XP level 3. HP: 31/31 MP: 6/6
  1250 | D:2      | Reached skill level 1 in Spellcasting
  1339 | D:2      | Reached XP level 4. HP: 22/38 MP: 8/8
  1846 | D:3      | Found a transporter.
  1855 | D:3      | Found a one-way gate to the infinite horrors of the Abyss.
  1855 | D:3      | Noticed a small abomination
  1855 | D:3      | Noticed foci's ghost (amateur GrFi)
  1862 | D:3      | Found a transporter.
  1868 | D:3      | Noticed a toenail golem
  2127 | D:3      | Noticed Sigmund
  2151 | D:3      | Killed Sigmund
  2152 | D:3      | Reached skill level 1 in Dodging
  2152 | D:3      | Reached XP level 5. HP: 4/45 MP: 8/10
  2569 | D:3      | Reached XP level 6. HP: 22/51 MP: 11/11
  3463 | D:4      | HP: 2/52 [something (3)]
  3884 | D:4      | Reached XP level 7. HP: 39/59 MP: 11/13
  4065 | D:4      | Found Vadghuf's Weapon Shop.
  4480 | D:5      | Entered Level 5 of the Dungeon
  4749 | D:5      | Noticed Menkaure
  4761 | D:5      | Identified a scroll of acquirement
  4761 | D:5      | Acquired 606 gold pieces
  4769 | D:5      | Killed Menkaure
  4890 | D:5      | Noticed Ijyb
  4902 | D:5      | Killed Ijyb
  4903 | D:5      | Reached skill level 5 in Shields
  5649 | D:5      | Found a shimmering blue altar of Sif Muna.
  5773 | D:5      | Reached skill level 5 in Fighting
  5773 | D:5      | Reached XP level 8. HP: 13/68 MP: 15/15
  6179 | D:6      | Found a radiant altar of Vehumet.
  6557 | D:6      | Found a staircase to the Ecumenical Temple.
  6573 | Temple   | Entered the Ecumenical Temple
  6713 | D:6      | HP: 2/69 [bullfrog (3)]
  6718 | Temple   | Slain by a bullfrog

Illustrated notes

Levels and vault maps discovered:
D:1:      dpeg_arrival_water_temple_mockup, layout_loops_ring
D:2:      layout_loops_ring
D:3:      layout_basic, gammafunk_ghost_abyssal_escape, uniq_sigmund
D:4:      layout_rooms, serial_shops, shop_statue
D:5:      layout_basic, kennysheep_little_box, kennysheep_generic_room_8,
          uniq_menkaure, uniq_ijyb
D:6:      layout_gridville, minmay_temple_entry_slanted, serial_shops, shop,
          basic_altar, minmay_misc_feat_doors, vehumet_altar_wand_db
Temple:   compressed_dpeg_circular_temple

Skill      XL: |  1  2  3  4  5  6  7  8 |
---------------+-------------------------+-----
Shields        | 3 4 5 |  5.8
Axes           | 2 3 4 |  4.0
Fighting       | 3 4 5 |  5.5
Spellcasting   | 1 2 3 |  3.0
Armour         | 3 4 |  4.3
Dodging        | 1 2 |  2.1

Action                   |  1- 3 |  4- 6 |  7- 9 || total
-------------------------+-------+-------+-------++-------
Melee: War axe           |   117 |   211 |   190 ||   518
  Use: Scroll            |       |     6 |     7 ||    13
Armor: Scale mail        |    21 |       |       ||    21
       Chain mail        |    37 |   178 |    30 ||   245
       Leather armour    |       |       |    40 ||    40
Dodge: Dodged            |    29 |    72 |    72 ||   173
Block: Kite shield       |    60 |   137 |   133 ||   330

Table legend: (Time is in decaauts)
 A = Elapsed time spent in this place.
 B = Non-inter-level travel time spent in this place.
 C = Inter-level travel time spent in this place.
 D = Time resting spent in this place.
 E = Time spent auto-exploring this place.
 F = Levels seen in this place.
 G = Mean time per level.
                   A        B        C        D        E       F      G
               +--------+--------+--------+--------+--------+-----+--------+
         Total |   7013 |   6608 |    405 |   1317 |   3802 |   7 | 1001.9 |
       Dungeon |   6922 |   6531 |    391 |   1317 |   3731 |   6 | 1153.7 |
        Temple |     90 |     76 |     14 |      0 |     71 |   1 |   90.0 |
               +--------+--------+--------+--------+--------+-----+--------+

Top non-repeatable levels by time:
     D:3: 1705 daAuts
     D:5: 1564 daAuts
     D:1: 1127 daAuts
     D:4: 1113 daAuts
     D:2: 818 daAuts
     D:6: 594 daAuts
  Temple: 90 daAuts
